 Dungeon Crawl Stone Soup version 0.21.0-25-ge575cb9 (webtiles) character file.

8118 quantumfuzzball the Fighter (level 11, -4/71 HPs)
             Began as a Gargoyle Fighter on Jan 26, 2018.
             Was a Follower of Okawaru.
             Slain by a two-headed ogre
             ... wielding a +0 giant club
              (16 damage)
             ... on level 10 of the Dungeon.
             The game lasted 00:33:38 (13238 turns).

quantumfuzzball the Fighter (Gargoyle Fighter)     Turns: 13238, Time: 00:33:38

Health: -4/71      AC: 21    Str: 21    XL:     11   Next: 25%
Magic:  20/20      EV: 11    Int: 11    God:    Okawaru [*.....]
Gold:   195        SH: 12    Dex: 14    Spells: 22/22 levels left

rFire    . . .     SeeInvis .   i - +7 spear of the Imperium {flame, rC+}
rCold    + . .     Gourm    .   c - +1 shield
rNeg     + . .     Faith    .   k - +0 plate armour
rPois    ∞         Spirit   .   (no helmet)
rElec    +         Reflect  .   (no cloak)
rCorr    .         Harm     .   (no gloves)
MR       .....                  (no boots)
Stlth    ..........             (no amulet)
HPRegen  0.21/turn              (no ring)
MPRegen  0.17/turn              B - ring of wizardry

@: agile, hasted, very quick
A: negative energy resistance 1, electricity resistance, unbreathing,
petrification resistance, rot immunity, AC +8
a: Heroism, Renounce Religion


You were on level 10 of the Dungeon.
You worshipped Okawaru.
Okawaru was aware of your devotion.
You were not hungry.

You visited 2 branches of the dungeon, and saw 12 of its levels.
You also visited: Sewer.

You collected 635 gold pieces.
You spent 440 gold pieces at shops.

Inventory:

Hand Weapons
 i - the +7 spear of the Imperium (weapon) {flame, rC+}
   (You found it on level 5 of the Dungeon)

   It has been specially enchanted to burn those struck by it, causing extra
   injury to most foes and up to half again as much damage against particularly
   susceptible opponents.
   It protects you from cold.
 G - a +2 mace of holy wrath
Missiles
 a - a throwing net (quivered)
Armour
 b - a +0 scale mail
 c - a +1 shield (worn)
 k - a +0 plate armour (worn)
 u - a +3 ring mail
Jewellery
 z - an uncursed ring of wizardry
 B - a ring of wizardry (right hand)
Wands
 g - a wand of scattershot (4)
 v - a wand of iceblast (7)
 D - a wand of flame (25)
 F - a wand of paralysis (13)
 I - a wand of digging (12)
Scrolls
 e - 3 scrolls of immolation
 h - 2 scrolls of remove curse
 m - 2 scrolls of fear
 s - a scroll of amnesia
 x - a scroll of noise
 A - 2 scrolls of magic mapping
 C - a scroll of silence
 E - a scroll of identify
Potions
 d - a potion of lignification
 n - 6 potions of flight
 o - 8 potions of curing
 p - 2 potions of agility
 q - 3 potions of ambrosia {unknown}
 r - 3 potions of invisibility
 w - 3 potions of brilliance
 H - a potion of magic
Books
 j - a book of Necromancy

   Spells                             Type                      Level
   a - Pain                           Necromancy                   1
   b - Animate Skeleton               Necromancy                   1
   c - Vampiric Draining              Necromancy                   3
   d - Regeneration                   Charms/Necromancy            3
   e - Animate Dead                   Necromancy                   4
   f - Borgnjor's Vile Clutch         Necromancy/Earth             5
 y - a book of Misfortune

   Spells                             Type                      Level
   a - Confusing Touch                Hexes                        1
   b - Confuse                        Hexes                        3
   c - Gell's Gravitas                Translocation                3
   d - Petrify                        Transmutation/Earth          4
   e - Metabolic Englaciation         Hexes/Ice                    5
   f - Yara's Violent Unravelling     Hexes/Transmutation          5
Comestibles
 f - 17 rations
 J - 2 chunks of flesh


   Skills:
 * Level 9.1 Fighting
 + Level 7.8 Maces & Flails
 + Level 8.1 Armour
 + Level 2.6 Dodging
 + Level 8.1 Shields
 - Level 6.4 Spellcasting
 - Level 4.4 Evocations


You had 22 spell levels left.
You didn't know any spells.

Dungeon Overview and Level Annotations

Branches:
Dungeon (11/15)            Temple (1/1) D:7             Orc (0/2) D:9
   Lair: D:8-11

Altars:
Ashenzari
Cheibriados
Dithmenos
Elyvilon
Fedhas
Gozag
Hepliaklqana
Kikubaaqudgha
Makhleb
Nemelex Xobeh
Okawaru
Qazlal
Ru
Sif Muna
Trog
Uskayaw
Vehumet
Wu Jian
Xom
Yredelemnul
Zin
The Shining One
Beogh

Shops:
D:10 !%


Innate Abilities, Weirdness & Mutations

You are resistant to torment.
Your stone body is resilient. (AC +8)
You are immune to poison.
You resist negative energy. (rN+)
You are resistant to electric shocks. (rElec)
You can survive without breathing.
You are immune to petrification.
You are immune to rotting.


Message History

You barely miss the two-headed ogre.
The two-headed ogre is heavily wounded.
The two-headed ogre hits you with a giant club!
The two-headed ogre hits you with a giant club.
You hit the two-headed ogre but do no damage.
The two-headed ogre is heavily wounded.
You puncture the ogre! You burn the ogre.
The ogre is severely wounded.
The crimson imp barely misses you.
Your shield and plate armour prevent you from hitting the ogre.
The ogre is severely wounded.
The two-headed ogre hits you but does no damage. x2
The ogre hits you with a giant club!
* * * LOW HITPOINT WARNING * * *
The crimson imp barely misses you.
You puncture the ogre! You burn the ogre.
You kill the ogre!
Okawaru accepts your kill.
The two-headed ogre hits you with a giant club!
You die...

.. #. ... ..## #......## )..
........ ## #. #.## ......# ...
##.. #..########....# ... .....
#.............# ... .....
#>.O@.........####...
.#...###.)5.....#.....#....
.......#.........∩....).... .
#....................).... .
####..(.(................. .
#...(##.##.#............ .##
#.(.(.............).....
..########(.(###...#.............
#(##....[(.(∩....................


You could see a two-headed ogre and a crimson imp.

Vanquished Creatures
  2 unseen horrors
  The ghost of Killer1 the Cleaver, a novice GrFi (D:6)
  Psyche (D:9)
  Prince Ribbit (D:7)
  2 hippogriffs (D:9)
  A soldier ant (D:10)
  7 orc warriors
  3 ice beasts
  An eye of draining (D:10)
  5 ogres
  A necrophage (D:10)
  A phantom (D:6)
  3 centaurs
  2 sky beasts
  4 big kobolds
  A bullfrog (D:6)
  4 scorpions
  15 killer bees
  2 wights (D:10)
  8 howler monkeys
  4 crimson imps
  A centaur zombie (D:9)
  2 quasits (D:6)
  14 orc priests
  2 bullfrog skeletons
  2 jellies
  2 hounds
  14 orc wizards
  9 iguanas
  7 worker ants
  A hound skeleton (D:5)
  2 worker ant zombies
  9 gnolls
  15 adders
  7 river rats (Sewer)
  4 shadow imps
  An ooze (D:6)
  2 adder skeletons
  An adder zombie (D:5)
  7 worms
  3 dart slugs
  4 leopard geckos
  36 orcs
  4 ball pythons (Sewer)
  3 giant cockroaches
  7 goblins
  8 hobgoblins
  9 jackals
  4 quokkas
  9 bats
  4 frilled lizards
  32 kobolds
  A leopard gecko skeleton (D:4)
  25 rats
320 creatures vanquished.

Notes
Turn   | Place    | Note
-------+----------+-------------------------------------------
     0 | D:1      | quantumfuzzball the Gargoyle Fighter began the quest for the Orb.
     0 | D:1      | Reached XP level 1. HP: 14/14 MP: 1/1
   100 | D:1      | Reached XP level 2. HP: 18/19 MP: 2/2
   490 | D:1      | Reached XP level 3. HP: 21/23 MP: 3/3
  1387 | D:2      | Reached XP level 4. HP: 6/29 MP: 5/5
  1875 | D:2      | Reached skill level 1 in Spellcasting
  2710 | D:3      | Reached XP level 5. HP: 33/33 MP: 6/6
  3107 | D:4      | Found a shadowy altar of Dithmenos.
  3513 | D:4      | Reached skill level 4 in Fighting
  3666 | D:4      | Noticed an ice beast
  3686 | D:4      | Killed an ice beast
  3686 | D:4      | Reached XP level 6. HP: 12/38 MP: 8/8
  4383 | D:5      | Entered Level 5 of the Dungeon
  4777 | D:5      | Got a faintly glowing spear
  4778 | D:5      | Identified the +7 spear of the Imperium {flame, rC+} (You found it on level 5 of the Dungeon)
  4798 | D:5      | Noticed a sky beast
  4801 | D:5      | Reached XP level 7. HP: 36/44 MP: 10/10
  4840 | D:5      | Found a glowing drain.
  4880 | Sewer    | Entered a sewer
  4903 | Sewer    | Reached skill level 1 in Evocations
  5082 | Sewer    | Reached skill level 5 in Maces & Flails
  5343 | Sewer    | Reached skill level 5 in Fighting
  5375 | Sewer    | Reached skill level 5 in Armour
  5563 | D:5      | Reached XP level 8. HP: 47/49 MP: 12/12
  5623 | D:5      | Reached skill level 5 in Shields
  6386 | D:6      | Found a sparkling altar of Nemelex Xobeh.
  6440 | D:6      | Noticed Killer1's ghost (novice GrFi)
  6462 | D:6      | Killed Killer1's ghost
  6462 | D:6      | Reached XP level 9. HP: 14/55 MP: 13/15
  6522 | D:6      | Reached skill level 6 in Fighting
  7374 | D:6      | Reached skill level 5 in Spellcasting
  8088 | D:7      | Noticed Prince Ribbit
  8114 | D:7      | Killed Prince Ribbit
  8189 | D:7      | Found a staircase to the Ecumenical Temple.
  9535 | D:7      | Reached XP level 10. HP: 14/61 MP: 18/18
 10065 | D:9      | Reached skill level 7 in Fighting
 10831 | D:8      | Noticed a death yak
 10832 | D:8      | Noticed a death yak
 10860 | D:8      | Noticed a death yak
 10865 | D:8      | Noticed a death yak
 11256 | D:9      | Found a staircase to the Orcish Mines.
 11270 | D:9      | Reached skill level 1 in Dodging
 11289 | D:9      | Found a roughly hewn altar of Beogh.
 11683 | D:9      | Killed an unseen horror
 11683 | D:9      | Reached skill level 8 in Fighting
 11855 | D:9      | Noticed Psyche
 11951 | D:9      | Paralysed by Psyche for 5 turns
 11958 | D:9      | Killed Psyche
 12116 | D:9      | Reached XP level 11. HP: 60/69 MP: 20/20
 12335 | Temple   | Entered the Ecumenical Temple
 12466 | Temple   | Became a worshipper of Warmaster Okawaru
 12550 | D:10     | Entered Level 10 of the Dungeon
 12551 | D:10     | Found Qeomp's Distillery.
 12691 | D:10     | Bought a potion of haste for 110 gold pieces
 12691 | D:10     | Bought a potion of magic for 88 gold pieces
 12691 | D:10     | Bought a potion of invisibility for 88 gold pieces
 12691 | D:10     | Bought a potion of brilliance for 44 gold pieces
 12691 | D:10     | Bought a potion of heal wounds for 55 gold pieces
 12691 | D:10     | Bought a potion of heal wounds for 55 gold pieces
 12836 | D:10     | Found Pum Ymio's Food Shoppe.
 12942 | D:11     | Killed an unseen horror
 12942 | D:11     | Reached * piety under Okawaru
 12942 | D:11     | Reached skill level 9 in Fighting
 13211 | D:10     | Noticed a two-headed ogre
 13238 | D:10     | Slain by a two-headed ogre

Skill      XL: |  1  2  3  4  5  6  7  8  9 10 11 |
---------------+----------------------------------+-----
Maces & Flails | 3 4 5 6 7 |  7.8
Spellcasting   | 1 2 4 5 6 |  6.4
Shields        | 4 5 6 7 8 |  8.1
Fighting       | 4 5 6 8 9 |  9.1
Armour         | 4 5 6 7 8 |  8.1
Evocations     | 1 2 3 4 |  4.4
Dodging        | 1 2 |  2.6

Action                   |  1- 3 |  4- 6 |  7- 9 | 10-12 || total
-------------------------+-------+-------+-------+-------++-------
Melee: Flail             |   167 |   271 |       |       ||   438
       Spear             |       |     5 |   451 |   565 ||  1021
  Use: Potion            |       |     3 |     5 |    13 ||    21
       Scroll            |       |     8 |     7 |     1 ||    16
  Eat: Chunk             |     2 |    10 |    13 |    11 ||    36
       Ration            |       |       |     1 |     1 ||     2
Armor: Scale mail        |   109 |   128 |       |       ||   237
       Ring mail         |       |    43 |   152 |       ||   195
       Plate armour      |       |       |   304 |   552 ||   856
       Skin              |       |       |       |    19 ||    19
Dodge: Dodged            |    57 |   105 |   186 |   166 ||   514
Block: Shield            |    92 |   170 |   416 |   438 ||  1116
